 Dungeon Crawl Stone Soup version 0.19-a0-1920-g83281cb (webtiles) character file.

514 Kaname the Digger (level 7, 0/46 HPs)
             Began as a Demonspawn Earth Elementalist on Oct 23, 2016.
             Slain by WhatIsLove's ghost (5 damage)
             ... on level 3 of the Dungeon.
             The game lasted 00:15:51 (4775 turns).

Kaname the Digger (Demonspawn Earth Elementalist)   Turns: 4775, Time: 00:15:52

Health: 0/46       AC:  6    Str: 11    XL:     7   Next: 0%
Magic:  10/10      EV: 12    Int: 19    God:
Gold:   188        SH:  0    Dex: 13    Spells: 3 memorised, 1 level left

rFire  . . .     SeeInvis .     j - +2 short sword (venom)
rCold  . . .     Gourm    .     c - +0 robe
rNeg   . . .     Faith    .     (no shield)
rPois  .         Spirit   .     l - +0 helmet
rElec  .         Reflect  .     (no cloak)
rCorr  .         Harm     .     (no gloves)
MR     .....                    q - +0 pair of boots (curse)
Stlth  +++.......               (no amulet)
                                w - +3 ring of strength
                                n - ring of stealth

@: no status effects
A: talons 2, icy blue scales 1
a: no special abilities


You were on level 3 of the Dungeon.
You were not hungry.

You visited 1 branch of the dungeon, and saw 4 of its levels.

You collected 188 gold pieces.

Inventory:

Hand Weapons
 j - a +2 short sword of venom (weapon)
Missiles
 b - 135 stones (quivered)
Armour
 c - a +0 robe (worn)
 l - a +0 helmet (worn)
 q - a cursed +0 pair of boots (worn)
Jewellery
 n - a ring of stealth (left hand)
 r - an uncursed amulet of faith {unknown}
 w - a +3 ring of strength (right hand)
 x - an uncursed ring of flight
Wands
 g - a wand of enslavement (11/24)
Scrolls
 h - a scroll of enchant armour
 i - 3 scrolls of teleportation
 k - a scroll of random uselessness {unknown}
 m - a scroll of amnesia
 o - 2 scrolls of enchant weapon {unknown}
 p - a scroll of recharging
 s - 3 scrolls of remove curse {unknown}
 t - 4 scrolls of blinking
 v - a scroll of immolation
 y - 2 scrolls of identify
Potions
 u - a potion of degeneration {unknown}
Books
 e - a book of Geomancy

   Spells                             Type                      Level
   a - Sandblast                      Earth                        1
   b - Passwall                       Transmutation/Earth          2
   c - Stone Arrow                    Conjuration/Earth            3
   d - Petrify                        Transmutation/Earth          4
   e - Lee's Rapid Deconstruction     Earth                        5
Comestibles
 a - 2 beef jerkies
 d - a bread ration


   Skills:
 - Level 1.7 Dodging
 + Level 2.9 Stealth
 - Level 2.0 Spellcasting
 - Level 4.0 Conjurations
 - Level 4.0 Transmutations
 - Level 4.0 Earth Magic


You had one spell level left.
You knew the following spells:

 Your Spells              Type           Power        Failure   Level  Hunger
a - Petrify               Tmut/Erth      ###.....     34%         4    #####..
b - Passwall              Tmut/Erth      ###.......   6%          2    ###....
c - Stone Arrow           Conj/Erth      ###...       12%         3    ###....


Dungeon Overview and Level Annotations

Branches:
Dungeon (4/15)
 Temple: D:4-7

Altars:

Annotations:
D:3 WhatIsLove's ghost, amateur DsGl


Innate Abilities, Weirdness & Mutations

You have razor-sharp toenails.
You are partially covered in icy blue scales. (AC +2)


Message History

You are too injured to fight recklessly!
You are too injured to fight recklessly!
You are too injured to fight recklessly!
You are too injured to fight recklessly!
You closely miss WhatIsLove's ghost.
WhatIsLove's ghost is moderately damaged.
WhatIsLove's ghost hits you.
* * * LOW HITPOINT WARNING * * *
WhatIsLove's ghost barely misses you.
You barely miss WhatIsLove's ghost.
WhatIsLove's ghost is moderately damaged.
WhatIsLove's ghost misses you.
You hit WhatIsLove's ghost.
WhatIsLove's ghost is moderately damaged.
WhatIsLove's ghost hits you.
* * * LOW HITPOINT WARNING * * *
You barely miss WhatIsLove's ghost.
WhatIsLove's ghost is moderately damaged.
WhatIsLove's ghost hits you.
You die...

#..#.#.#).....#...........##.#
#..#.#.###..########.#######.#
#..###.......#####.#.# #.#
#.........#..#.....#.# #.#
####.#######.#..#.###.#.#######.#
.....# #.#............#...^.#
###### #.#....###...........#
#...W......#####.###.#
#.#..@...........# #.#
############........#.####### #.#
.............#.####.#.......###.#
##############.# #.........#...#
#.# ###########.###
##############.# #......
...............# #.#....
################ ##### #.#....
....# #...# #.#.###


You could see WhatIsLove's ghost.

Vanquished Creatures
  Sigmund (D:2)
  A crimson imp (D:3)
  An orc priest (D:4)
  2 orc wizards (D:4)
  An iguana (D:4)
  A worker ant (D:4)
  3 gnolls (D:2)
  5 adders
  An adder skeleton (D:4)
  A dart slug (D:3)
  3 worms
  7 leopard geckos
  6 orcs (D:4)
  4 giant cockroaches
  8 goblins
  4 hobgoblins
  10 jackals
  A quokka (D:2)
  10 bats
  5 frilled lizards
  14 kobolds
  8 rats
97 creatures vanquished.

Notes
Turn   | Place    | Note
-------+----------+-------------------------------------------
     0 | D:1      | Kaname the Demonspawn Earth Elementalist began the quest for the Orb.
     0 | D:1      | Reached XP level 1. HP: 13/13 MP: 3/3
   239 | D:1      | Gained mutation: You have sharp toenails. [demonic ancestry]
   239 | D:1      | Reached XP level 2. HP: 19/19 MP: 0/5
  1348 | D:2      | Reached XP level 3. HP: 22/24 MP: 6/6
  1352 | D:2      | Learned a level 2 spell: Passwall
  1356 | D:2      | Learned a level 3 spell: Stone Arrow
  1617 | D:2      | Reached skill level 1 in Transmutations
  1766 | D:2      | Noticed Sigmund
  1793 | D:2      | Killed Sigmund
  1793 | D:2      | Reached XP level 4. HP: 17/30 MP: 0/7
  1793 | D:2      | Reached XP level 5. HP: 20/35 MP: 0/8
  2126 | D:2      | Reached skill level 1 in Conjurations
  2492 | D:3      | Gained mutation: You have razor-sharp toenails. [demonic ancestry]
  2492 | D:3      | Reached XP level 6. HP: 41/41 MP: 7/9
  2876 | D:3      | Noticed WhatIsLove's ghost (amateur DsGl)
  4032 | D:4      | Learned a level 4 spell: Petrify
  4343 | D:4      | HP: 2/41 [poisoned by an adder]
  4730 | D:4      | Gained mutation: You are partially covered in icy blue scales. (AC +2) [demonic ancestry]
  4730 | D:4      | Reached XP level 7. HP: 46/46 MP: 6/10
  4775 | D:3      | Slain by WhatIsLove's ghost

Vault maps used:
D:1:      dpeg_arrival_round_c
D:2:      uniq_sigmund
D:3:      supply_closet_lemuel
D:4:      kennysheep_goblin_castle, minivault_14, uniq_robin

Skill      XL: |  1  2  3  4  5  6 |
---------------+-------------------+-----
Earth Magic    | 3 4 |  4.0
Transmutations | 4 |  4.0
Conjurations   | 2 4 |  4.0
Stealth        | 2 |  2.9
Dodging        | |  1.7
Spellcasting   | |  2.0

Action                   |  1- 3 |  4- 6 |  7- 9 || total
-------------------------+-------+-------+-------++-------
Melee: Unarmed           |    20 |       |       ||    20
       Short sword       |    74 |   152 |    18 ||   244
       Kick              |     3 |       |       ||     3
 Cast: Sandblast         |    18 |     9 |       ||    27
       Stone Arrow       |       |    15 |       ||    15
       Passwall          |       |     1 |       ||     1
  Use: Potion            |     2 |     5 |       ||     7
       Scroll            |       |     9 |       ||     9
 Stab: Sleeping          |     9 |     6 |       ||    15
  Eat: Chunk             |     3 |    12 |       ||    15
Armor: Robe              |    23 |    52 |     2 ||    77
Dodge: Dodged            |    73 |   122 |     6 ||   201
